cohdb
Replays
Latest Replays
All Replays
Popular Replays
Top Player Replays
Match Explorer
How It Works
Community
CoH3 Stats
Reddit
Sign in to upload your games and track your stats! →
Sign in with Steam
Match 38234196
Unlisted
Match 38234196
Overview
Messages
Build Orders
End
Royal Engineer Section
Construct Section Command Post
Selects Heavy Armor Battlegroup
Dingo Light Scout Car
Infantry Section
Infantry Section
Infantry Section
Construct Field Infirmary
Construct Platoon Command Post
Selects Rigorous Vehicle Training
Selects Light Vehicle Withdraw and Refit
Infantry Training
6-pounder Anti-tank Gun Team
Construct Company Command Post
Selects Crusader AA Medium Tank
Selects UNKNOWN (2162094)
Wrathment
zichen.gao2015
0
0
Comments
sign in to comment!
No comments posted yet!